 Dungeon Crawl Stone Soup version 0.31-a0-851-g7ff8af7976 (webtiles) character file.

Game seed: 3074634159185701723

35 MachoJfn the Grave Robber (level 3, 0/24 HPs)
             Began as a Mummy Necromancer on Oct 6, 2023.
             Slain by a gnoll
             ... wielding a +0 flail
              (4 damage)
             ... on level 2 of the Dungeon.
             The game lasted 00:03:18 (644 turns).

MachoJfn the Grave Robber (Mummy Necromancer)        Turns: 644, Time: 00:03:19

Health: 0/24       AC:  2    Str: 11    XL:     3   Next: 17%
Magic:  1/7        EV: 12    Int: 16    God:
Gold:   62         SH:  0    Dex: 12    Spells: 7/8 levels left

rFire   x . .        e - +0 dagger
rCold   + . .        (no shield)
rNeg    + + +        a - +0 robe
rPois   ∞            (no helmet)
rElec   .            (no cloak)
rCorr   .            (no gloves)
SInv    .            (no boots)
Will    .....        (no amulet)
Stlth   ++           (no ring)
HPRegen 0.24/turn    (no ring)
MPRegen 0.10/turn

%: faith
@: studying Long Blades
A: cold resistance 1, negative energy resistance 3, torment resistance 2, heat
vulnerability 1, in touch with death 1, no potions, faith
a: no special abilities


You were on level 2 of the Dungeon.
You visited 1 branch of the dungeon, and saw 2 of its levels.

You collected 62 gold pieces.

Inventory:

Hand Weapons
 e - a +0 dagger (weapon)
Missiles
 b - 9 stones
Armour
 a - a +0 robe (worn)
Scrolls
 c - a scroll of poison {unknown}
 f - a scroll of enchant weapon {unknown}
 g - a scroll of blinking {unknown}
Potions
 d - a potion of curing {unknown}


   Skills:
 + Level 1.5 Dodging
 + Level 1.6 Stealth
 + Level 3.4 Spellcasting
 + Level 4.7 Necromancy


You had 7 spell levels left.
You knew the following spells:

 Your Spells              Type           Power      Damage    Failure   Level
a - Necrotise             Necr           100%       1d9       2%          1

Your spell library contained the following spells:

 Spells                   Type           Power      Damage    Failure   Level
 Vampiric Draining        Necr           26%        2d7       8%          3
 Animate Dead             Necr           26%        N/A       26%         4
 Agony                    Necr           26%        N/A       56%         5


Dungeon Overview and Level Annotations

Branches:
Dungeon (1/15)

Altars:

Shops:
D:1 !


Innate Abilities, Weirdness & Mutations

You are immune to poison.
Your flesh is cold resistant. (rC+)
You are immune to negative energy. (rN+++)
You are immune to unholy pain and torment.
You are vulnerable to heat. (rF-)
You are in touch with the powers of death.
You do not drink.
You have a special connection with the divine. (Faith)


Message History

Aiming: Necrotise (safe; 3% risk of failure)
Press: ? - help, Shift-Dir - straight line, f/p - gnoll
Aim: a gnoll, wielding a +1 heavy spear (almost dead, chance to affect: 86%)
You feel a surge of power!
The gnoll writhes in agony!
You kill the gnoll!
The gnoll shouts!
The dead are walking!
You have reached level 3!
Your experience leads to an increase in your attributes!
Increase (S)trength, (I)ntelligence, or (D)exterity?
You feel clever. x2
The gnoll hits you from afar with a +0 halberd.
You hit the gnoll.
The gnoll is lightly wounded.
An adder comes into view.
Your gnoll skeleton hits the gnoll.
A goblin comes into view. It is wielding a +0 dagger.
The gnoll closely misses you. The gnoll barely misses you.
Casting: Necrotise (safe; 2% risk of failure)
Confirm with . or Enter, or press ? or * to list all spells.
Aiming: Necrotise (safe; 2% risk of failure)
Press: ? - help, Shift-Dir - straight line, f - gnoll
Aim: a gnoll, wielding a +0 flail (lightly wounded, chance to affect: 88%)
You feel a surge of power!
The gnoll writhes in agony.
Your gnoll skeleton barely misses the gnoll.
The gnoll misses you. The gnoll barely misses you.
Your gnoll skeleton hits the gnoll.
The gnoll attacks as it pursues you! The gnoll barely misses you.
A jackal comes into view.
Your gnoll skeleton barely misses the adder.
Your magical contamination has completely faded away.
The gnoll attacks as it pursues you! The gnoll hits you with a +0 whip.
You hit the gnoll.
The gnoll is heavily wounded.
The gnoll hits you with a +0 whip.
* * * LOW HITPOINT WARNING * * *
The gnoll barely misses you. The adder bites you.
* * * LOW HITPOINT WARNING * * *
The gnoll hits you with a +0 flail.
You die...

#........# #........#
#........# #........#
#######.. #........#
##...#.... #..!.....#
##......... #[...[...#
#..........
#........#######..........
#...............@g.Z......
#####.##..#....ggS....$...
###.........###..g.)......
....#.#####.# #.....##.#..
#####.##...........## .
####.....######....#
......#### .....## #####.#
#.#.... #.# ...#...#g


You could see 3 gnolls, an adder, a goblin and a friendly gnoll skeleton.

Vanquished Creatures
  A gnoll (D:2)
  A dart slug (D:1)
  2 endoplasms (D:1)
  A hobgoblin (D:1)
  3 jackals (D:1)
  3 kobolds (D:1)
  2 quokkas
  2 ball pythons (D:1)
  A bat (D:2)
  A frilled lizard (D:1)
  3 rats (D:1)
20 creatures vanquished.

Vanquished Creatures (collateral kills)
  A dart slug (D:1)
  A rat (D:1)
2 creatures vanquished.

Grand Total: 22 creatures vanquished

Notes
Turn   | Place    | Note
-------+----------+-------------------------------------------
     0 | D:1      | MachoJfn the Mummy Necromancer began the quest for the Orb.
     0 | D:1      | Reached XP level 1. HP: 13/13 MP: 4/4
   204 | D:1      | Reached XP level 2. HP: 19/19 MP: 1/6
   430 | D:1      | Found Befilenio's Distillery.
   574 | D:1      | You fall into a shaft and drop 1 floor!
   637 | D:2      | Reached XP level 3. HP: 15/24 MP: 1/7
   644 | D:2      | Slain by a gnoll

Illustrated notes

Levels and vault maps discovered:
D:1:      scummos_arrival_gate, layout_rooms, serial_shops,
          nicolae_shop_temple_entry_statues_fountains, chequers_hall_statues_y,
          hangedman_decor_growths, serial_bayou_pond_d
D:2:      layout_rooms

Skill      XL: |  1 |
---------------+----+-----
Spellcasting   | 3 |  3.4
Dodging        | |  1.5
Stealth        | |  1.6
Necromancy     | |  4.7

Action                     || total
---------------------------++-------
  Melee: Dagger            ||     2
   Cast: Necrotise         ||    36
    Use: Scroll            ||     1
 Armour: Robe              ||     7
  Dodge: Dodged            ||     6

Table legend: (Time is in decaauts)
 A = Elapsed time spent in this place.
 B = Non-inter-level travel time spent in this place.
 C = Inter-level travel time spent in this place.
 D = Time resting spent in this place.
 E = Time spent auto-exploring this place.
 F = Levels seen in this place.
 G = Mean time per level.
                   A        B        C        D        E       F      G
               +--------+--------+--------+--------+--------+-----+--------+
         Total |    643 |    618 |     25 |      0 |    493 |   2 |  321.5 |
       Dungeon |    643 |    618 |     25 |      0 |    493 |   2 |  321.5 |
               +--------+--------+--------+--------+--------+-----+--------+

Top non-repeatable levels by time:
     D:1: 573 daAuts
     D:2: 69 daAuts
